 Dungeon Crawl Stone Soup version 0.27-a0-1308-gc08437e49b (webtiles) character file.

Game seed: 12969879553075897184

267 hunterBerkeley the Grave Robber (level 6, -4/42 HPs)
             Began as a Mummy Necromancer on June 18, 2021.
             Slain by a killer bee (9 damage)
             ... on level 4 of the Dungeon.
             The game lasted 00:27:47 (4677 turns).

hunterBerkeley the Grave Robber (Mummy Necromancer) Turns: 4677, Time: 00:27:48

Health: -4/42      AC:  2    Str: 12    XL:     6   Next: 0%
Magic:  9/13       EV: 12    Int: 16    God:
Gold:   195        SH:  0    Dex: 18    Spells: 11/15 levels left

rFire    x . .     SeeInvis .   k - staff of cold
rCold    + + .     Faith    .   (no shield)
rNeg     + + +     Spirit   .   a - +0 robe
rPois    ∞         Reflect  .   (no helmet)
rElec    .         Harm     .   (no cloak)
rCorr    .         Rampage  .   (no gloves)
Will     .....                  (no boots)
Stlth    ++........             (no amulet)
HPRegen  0.14/turn              i - +6 ring of dexterity
MPRegen  0.13/turn              (no ring)

@: no status effects
A: cold resistance 1, negative energy resistance 3, torment resistance 2, heat
vulnerability 1, no potions
a: no special abilities


You were on level 4 of the Dungeon.
You visited 1 branch of the dungeon, and saw 4 of its levels.

You collected 195 gold pieces.

Inventory:

Missiles
 h - 20 bolts
Armour
 a - a +0 robe (worn)
Magical Staves
 k - a staff of cold (weapon)
Jewellery
 b - a ring of poison resistance
 i - a +6 ring of dexterity (left hand)
Wands
 d - a wand of flame (12)
Scrolls
 c - a scroll of blinking {unknown}
 e - 2 scrolls of amnesia
 g - 2 scrolls of immolation {unknown}
 j - a scroll of enchant weapon {unknown}
 l - 2 scrolls of identify {unknown}


   Skills:
 - Level 0.6 Fighting
 + Level 2.1 Dodging
 + Level 1.8 Stealth
 + Level 0.1 Unarmed Combat
 + Level 5.2 Spellcasting
 + Level 0.2 Conjurations
 + Level 5.6 Necromancy


You had 11 spell levels left.
You knew the following spells:

 Your Spells              Type           Power      Damage    Failure   Level
a - Pain                  Necr           88%        1d8       1%          1
b - Magic Dart            Conj           20%        1d4       14%         1
c - Searing Ray           Conj           10%        3d3       21%         2

Your spell library contained the following spells:

 Spells                   Type           Power      Damage    Failure   Level
 Animate Skeleton         Necr           44%        N/A       1%          1
 Vampiric Draining        Necr           11%        2d7       4%          3
 Animate Dead             Necr           11%        N/A       14%         4
 Dazzling Flash           Conj/Hex       8%         N/A       38%         3
 Agony                    Necr           22%        N/A       38%         5
 Fulminant Prism          Conj/Hex       2%         3d6       80%         4
 Iskenderun's Mystic Bla  Conj/Tloc      4%         2d3       80%         4


Dungeon Overview and Level Annotations

Branches:
Dungeon (4/15)
 Temple: D:4-7

Altars:
Makhleb
Xom

Annotations:
D:4 2 runed translucent doors


Innate Abilities, Weirdness & Mutations

You are immune to poison.
Your flesh is cold resistant. (rC+)
You are immune to negative energy. (rN+++)
You are immune to unholy pain and torment.
You are vulnerable to heat. (rF-)
You do not drink.


Message History

Press: ? - help, Shift-Dir - straight line, f - killer bee, p - killer bee
Aim: a killer bee (48% to hit)
The searing ray hits the killer bee.
The killer bee is severely wounded.
The searing ray misses the killer bee. (Press . to maintain the ray.)
The killer bee stings you. x2
The searing ray hits the killer bee.
The killer bee is lightly wounded.
The killer bee closely misses you. The killer bee barely misses you.
The killer bee closely misses you. The killer bee stings you.
The searing ray hits the killer bee.
The killer bee is moderately wounded.
The searing ray hits the giant cockroach.
The giant cockroach is almost dead.
The killer bee stings you. The killer bee misses you.
The killer bee closely misses you. x2
The searing ray hits the killer bee!
The killer bee is severely wounded.
The searing ray misses the giant cockroach.
You finish channeling your searing ray.
The killer bee stings you but does no damage.
The killer bee closely misses you. The killer bee barely misses you.
A killer bee comes into view.
The killer bee stings you but does no damage.
The killer bee stings you! The killer bee completely misses you.
The killer bee misses you. The killer bee stings you.
The killer bee closely misses you. The killer bee stings you.
The killer bee misses you. The killer bee stings you!
* * * LOW HITPOINT WARNING * * *
The killer bee misses you. The giant cockroach closely misses you.
The giant cockroach barely misses you. The killer bee barely misses you.
The killer bee stings you.
* * * LOW HITPOINT WARNING * * *
You hear the quick rusting of a drain nearby.
The killer bee barely misses you. The jackal barely misses you.
The jackal bites you.
* * * LOW HITPOINT WARNING * * *
The killer bee barely misses you. The killer bee stings you!
You die...

..........##
##............##
#...[..........# ..
#..............######.#.
#......................#
#..............#........
#.......h.h......#
#......y.B...#.##
#...)@hhyy...##
####.######...# #[#
##### #[# ###..#§### #.#
###.#..§§§§ #.# ##.#
..§_§§ #.# ##..# ....
#^# #...## #KK# ##
#.###....###KK###..


You could see 3 killer bees, 4 jackals and a giant cockroach.

Vanquished Creatures
  A phantom (D:3)
  A scorpion (D:3)
  A hound (D:3)
  2 gnolls (D:1)
  An adder (D:3)
  2 dart slugs (D:3)
  4 orcs
  9 bats
  5 endoplasms
  3 giant cockroaches
  4 goblins
  5 hobgoblins
  10 jackals
  5 ball pythons
  9 kobolds
  6 rats
68 creatures vanquished.

Vanquished Creatures (others)
  A gnoll shaman (D:4)
  11 plants (D:2)
  15 withered plants (D:2)
27 creatures vanquished.

Grand Total: 95 creatures vanquished

Notes
Turn   | Place    | Note
-------+----------+-------------------------------------------
     0 | D:1      | hunterBerkeley the Mummy Necromancer began the quest for
                  | the Orb.
     0 | D:1      | Reached XP level 1. HP: 13/13 MP: 4/4
   492 | D:1      | Reached XP level 2. HP: 19/19 MP: 1/5
   802 | D:1      | Learned a level 1 spell: Magic Dart
   806 | D:1      | Learned a level 2 spell: Searing Ray
   828 | D:1      | Reached XP level 3. HP: 25/25 MP: 1/7
  1783 | D:2      | Found a faded altar of an unknown god.
  1935 | D:2      | Found a burning altar of Makhleb.
  2412 | D:2      | Noticed a scorpion
  2971 | D:3      | Reached XP level 4. HP: 31/31 MP: 6/9
  3067 | D:3      | Reached skill level 5 in Necromancy
  3114 | D:3      | Killed a scorpion
  3473 | D:3      | Reached XP level 5. HP: 36/36 MP: 7/11
  3505 | D:3      | Noticed a phantom
  3751 | D:3      | Killed a phantom
  4009 | D:3      | Reached skill level 5 in Spellcasting
  4063 | D:4      | Found a large runed translucent door.
  4063 | D:4      | Found a large runed translucent door.
  4063 | D:4      | Found a shimmering altar of Xom.
  4521 | D:3      | Reached XP level 6. HP: 29/42 MP: 5/13
  4677 | D:4      | Slain by a killer bee

Illustrated notes

Levels and vault maps discovered:
D:1:      elethiomel_arrival_infinity_welcomes_careful_drivers,
          layout_loops_ring
D:2:      layout_rooms, shapermc_ecumenical_altar_flowoftime, basic_altar
D:3:      layout_basic
D:4:      due_chaos_kobolds, layout_rooms, zin_scriptorium,
          portal_sewer_entry_a, lemuel_flame_loot_1

Skill      XL: |  1  2  3  4  5 |
---------------+----------------+-----
Spellcasting   | 3 4 5 |  5.2
Necromancy     | 5 |  5.6
Dodging        | 2 |  2.1
Fighting       | |  0.6
Stealth        | |  1.8
Unarmed Combat | |  0.1
Conjurations   | |  0.2

Action                   |  1- 3 |  4- 6 || total
-------------------------+-------+-------++-------
Melee: Unarmed           |    32 |       ||    32
       Staff             |       |     3 ||     3
 Cast: Pain              |    65 |    43 ||   108
       Magic Dart        |    16 |       ||    16
       Searing Ray       |     6 |    10 ||    16
  Use: Scroll            |     3 |     1 ||     4
Armor: Robe              |    45 |    20 ||    65
Dodge: Dodged            |   123 |    63 ||   186

Table legend: (Time is in decaauts)
 A = Elapsed time spent in this place.
 B = Non-inter-level travel time spent in this place.
 C = Inter-level travel time spent in this place.
 D = Time resting spent in this place.
 E = Time spent auto-exploring this place.
 F = Levels seen in this place.
 G = Mean time per level.
                   A        B        C        D        E       F      G
               +--------+--------+--------+--------+--------+-----+--------+
         Total |   4678 |   4580 |     98 |      0 |   2971 |   4 | 1169.5 |
       Dungeon |   4678 |   4580 |     98 |      0 |   2971 |   4 | 1169.5 |
               +--------+--------+--------+--------+--------+-----+--------+

Top non-repeatable levels by time:
     D:1: 2000 daAuts
     D:3: 1770 daAuts
     D:2: 762 daAuts
     D:4: 145 daAuts
